 Dungeon Crawl Stone Soup version 0.17-a0-2058-g8b0eb12 (webtiles) character file.

84 Rationalist the Skirmisher (level 4, 0/54 HPs)
             Began as a Demonspawn Berserker on Oct 12, 2015.
             Was a Believer of Trog.
             Succumbed to an adder's poison
             ... on level 3 of the Dungeon.
             The game lasted 00:04:12 (2776 turns).

Rationalist the Skirmisher (Demonspawn Berserker)   Turns: 2776, Time: 00:04:13

Health: 0/54       AC:  2    Str: 22    XL:     4   Next: 23%
Magic:  4/4        EV: 13    Int:  9    God:    Trog [**....]
Gold:   219        SH:  0    Dex: 13    Spells: 0 memorised, 3 levels left

rFire  + . .     SeeInvis .     a - +0 hand axe
rCold  . . .     Clarity  .     b - +0 animal skin
rNeg   . . .     SustAt   .     (no shield)
rPois  .         Gourm    .     (no helmet)
rElec  .         Spirit   .     (no cloak)
rCorr  .         Warding  .     (no gloves)
rMut   .         Stasis   .     (no boots)
MR     .....                    (no amulet)
Stlth  ..........               (no ring)
                                (no ring)

@: berserking (expiring), lethally poisoned (0 -> -5), very quick, not resistant
to hostile enchantments, extremely unstealthy
A: claws 1, fire resistance 1
a: Burn Spellbooks, Berserk, Trog's Hand, Renounce Religion


You were on level 3 of the Dungeon.
You worshipped Trog.
Trog was pleased with you.
You were hungry.

You visited 1 branch of the dungeon, and saw 3 of its levels.

You collected 219 gold pieces.

Inventory:

Hand Weapons
 a - a +0 hand axe (weapon)
Missiles
 d - 11 poisoned needles
 l - 16 sling bullets
Armour
 b - a +0 animal skin (worn)
Scrolls
 f - 2 scrolls of immolation {unknown}
 g - 4 scrolls of remove curse {unknown}
 h - a scroll of fog {unknown}
 i - 2 scrolls of blinking {unknown}
Potions
 e - a potion of brilliance {unknown}
 m - a potion of poison {unknown}
 o - a potion of degeneration {unknown}
Comestibles
 c - 3 bread rations
 j - a beef jerky
 k - 2 chunks of flesh
 n - 2 meat rations
 p - 4 fruits


   Skills:
 + Level 3.6 Fighting
 + Level 3.3 Axes
 + Level 1.9 Armour
 + Level 2.8 Dodging
 + Level 0.4 Stealth


You had 3 spell levels left.
You didn't know any spells.

Dungeon Overview and Level Annotations

Branches:
Dungeon (3/15)

Altars:
Fedhas
Gozag
Zin


Innate Abilities, Weirdness & Mutations

You have sharp fingernails.
Your flesh is heat resistant.


Message History

* * * LOW HITPOINT WARNING * * *
You feel sick. The adder barely misses you.
You slash the adder!
The adder is almost dead.
* * * LOW HITPOINT WARNING * * *
You feel sick. The adder barely misses you.
You barely miss the adder.
The adder is almost dead.
The adder barely misses you.
You slash the adder!
You kill the adder!
Trog accepts your kill.
* * * LOW HITPOINT WARNING * * *
You feel sick.
Unknown command.
You see here an adder corpse.
There is a lethal amount of poison in your body!
There is a lethal amount of poison in your body!
You feel a strong urge to attack something.
You die...

#.........#########
#....<###.##......#
#......#
#.##.####.#
#.#####.# #....#
#.. # #.## ######
#.# .#.# #.# #.#
##.# ##.##### #...
#.@....# .....#
#..###.# .#####
#..### #....# #
#.##.#.###
#.##.#.#.#
#.......#.#########
####.#.###.#.......
#).## #..##....


There were no monsters in sight!

Vanquished Creatures
  An adder (D:3)
  A worm (D:2)
  3 giant geckos
  An orc (D:3)
  2 ball pythons (D:2)
  6 bats
  A giant cockroach (D:1)
  6 goblins
  7 hobgoblins
  10 jackals
  9 kobolds
  7 giant newts
  3 quokkas
  6 rats
63 creatures vanquished.

Vanquished Creatures (others)
  A plant (D:1)
1 creature vanquished.

Grand Total: 64 creatures vanquished

Notes
Turn   | Place    | Note
--------------------------------------------------------------
     0 | D:1      | Rationalist the Demonspawn Berserker began the quest for the Orb.
     0 | D:1      | Reached XP level 1. HP: 18/18 MP: 1/1
   188 | D:1      | Gained mutation: Your flesh is heat resistant. [demonic ancestry]
   188 | D:1      | Reached XP level 2. HP: 9/24 MP: 2/2
  1083 | D:2      | Found a blossoming altar of Fedhas.
  1121 | D:2      | Found an opulent altar of Gozag.
  1162 | D:2      | Acquired Trog's second power
  1215 | D:2      | Gained mutation: You have sharp fingernails. [demonic ancestry]
  1215 | D:2      | Reached XP level 3. HP: 14/29 MP: 3/3
  1389 | D:2      | Found a glowing silver altar of Zin.
  1390 | D:2      | Noticed an angel
  2551 | D:3      | Found a faded altar to an unknown god.
  2640 | D:3      | Reached XP level 4. HP: 7/36 MP: 4/4
  2771 | D:3      | HP: 2/54 [poisoned by an adder]
  2776 | D:3      | Succumbed to an adder's poison

Vault maps used:
D:1:      mrwooster_arrival_statue_2, lexackson_kobold_supper
D:2:      zin_angel, old_standard_altar, minivault_26, grunt_gozag_breadcrumbs
D:3:      ecumenical_altar_1, first_bread

Action                   |  1- 3 |  4- 6 || total
-------------------------+-------+-------++-------
Melee: Hand axe          |   257 |    25 ||   282
Invok: Trog's Hand       |     1 |       ||     1
       Berserk           |       |     1 ||     1
 Stab: Sleeping          |     1 |       ||     1
  Eat: Chunk             |     6 |       ||     6
